 Dungeon Crawl Stone Soup version 0.26-a0-757-g626ac9e51a (webtiles) character file.

Game seed: 4543497837434189374

98 strifetoe the Chopper (level 4, -1/28 HPs)
             Began as a Gargoyle Fighter on Nov 7, 2020.
             Killed by divine providence
             ... invoked by an orc priest
              (11 damage)
             ... on level 3 of the Dungeon.
             The game lasted 00:01:39 (1858 turns).

strifetoe the Chopper (Gargoyle Fighter)            Turns: 1858, Time: 00:01:40

Health: -1/28      AC: 12    Str: 20    XL:     4   Next: 69%
Magic:  4/4        EV:  5    Int:  9    God:
Gold:   180        SH:  9    Dex:  9    Spells: 3/3 levels left

rFire    . . .     SeeInvis .   a - +0 war axe
rCold    . . .     Faith    .   c - +0 kite shield
rNeg     + . .     Spirit   .   p - +0 chain mail (curse)
rPois    ∞         Reflect  .   (no helmet)
rElec    +         Harm     .   (no cloak)
rCorr    .         Rampage  .   (no gloves)
MR       .....                  (no boots)
Stlth    ..........             (no amulet)
HPRegen  0.09/turn              (no ring)
MPRegen  0.09/turn              (no ring)

@: no status effects
A: negative energy resistance 1, electricity resistance, unbreathing,
petrification resistance, rot immunity, AC +3
a: no special abilities


You were on level 3 of the Dungeon.
You visited 1 branch of the dungeon, and saw 3 of its levels.

You collected 180 gold pieces.

Inventory:

Hand Weapons
 a - a +0 war axe (weapon)
Armour
 b - a +0 scale mail
 c - a +0 kite shield (worn)
 p - a cursed +0 chain mail (worn)
Jewellery
 l - an uncursed amulet of the acrobat {unknown}
Scrolls
 f - 2 scrolls of identify {unknown}
 g - a scroll of blinking {unknown}
 i - 3 scrolls of remove curse {unknown}
 m - a scroll of fog {unknown}
 o - a scroll of teleportation {unknown}
Potions
 d - a potion of might
 e - a potion of resistance {unknown}
 h - 2 potions of haste {unknown}
 j - a potion of berserk rage {unknown}
 k - 2 potions of curing {unknown}
 n - a potion of brilliance {unknown}


   Skills:
 - Level 3.2 Fighting
 + Level 4.3 Axes
 - Level 3.2 Armour
 - Level 3.2 Shields


You had 3 spell levels left.
You didn't know any spells.
Your spell library was empty.

Dungeon Overview and Level Annotations

Branches:
Dungeon (3/15)

Altars:
Makhleb
Ru


Innate Abilities, Weirdness & Mutations

You are resistant to torment.
Your stone body is resilient. (AC +3)
You are immune to poison.
You resist negative energy. (rN+)
You are resistant to electric shocks. (rElec)
You can survive without breathing.
You are immune to petrification.
You are immune to rotting.


Message History

Found an escape hatch in the ceiling.
Found a stone staircase leading down.
Found an escape hatch in the floor.
An orc and an orc wizard come into view.
The orc shouts!
You hear a shout! x2
An orc comes into view. It is wielding a +0 mace.
An orc comes into view. It is wielding a +0 club.
The orc shouts!
An orc priest comes into view. It is wielding a +0 whip.
Found a dented zirconium amulet.
The orc wizard gestures at you while chanting.
The puff of flame hits you.
You slash the orc!
You kill the orc!
You closely miss the orc.
The orc priest calls down the wrath of Beogh upon you.
Beogh smites you! The orc hits you but does no damage.
The orc priest calls down the wrath of Beogh upon you.
Beogh smites you!
You die...

.##. #....#
.# ..
####.#### .#
.. #....#
####.####
#####>...#
#......##.###
........#...#
.........##.#
........@#
..#
.......oo# .#
...>...o.. .#
.........## #
.......##
......o
.".....
.......


You could see an orc priest, an orc wizard and 2 orcs.

Vanquished Creatures
  A hound (D:2)
  An adder (D:2)
  An ooze (D:2)
  A worm (D:3)
  A dart slug (D:3)
  A leopard gecko (D:3)
  2 orcs (D:3)
  2 giant cockroaches
  5 goblins
  4 hobgoblins
  8 jackals
  A quokka (D:3)
  2 bats
  4 frilled lizards
  2 kobolds
  8 rats
44 creatures vanquished.

Notes
Turn   | Place    | Note
-------+----------+-------------------------------------------
     0 | D:1      | strifetoe the Gargoyle Fighter began the quest for the Orb.
     0 | D:1      | Reached XP level 1. HP: 14/14 MP: 1/1
    30 | D:1      | Reached skill level 2 in Axes
   179 | D:1      | Reached XP level 2. HP: 18/19 MP: 2/2
   280 | D:1      | You fall into a shaft and drop 1 floor!
   606 | D:2      | Reached skill level 3 in Axes
   606 | D:2      | Reached XP level 3. HP: 15/23 MP: 3/3
  1181 | D:2      | Found a sacrificial altar of Ru.
  1268 | D:2      | Found a burning altar of Makhleb.
  1285 | D:2      | Reached skill level 4 in Axes
  1285 | D:2      | Reached XP level 4. HP: 10/28 MP: 4/4
  1858 | D:3      | Killed from afar by an orc priest

Illustrated notes

Levels and vault maps discovered:
D:1:      dpeg_arrival_pits, layout_loops_ring, serial_glass, glass_columns_a,
          glass_columns_c, due_unseen_surprise, feat_on_display,
          feat_on_display, feat_on_display
D:2:      layout_loops_corners, makhleb_blood_cavern_becter,
          nicolae_ru_path_of_blood
D:3:      layout_rooms

Skill      XL: |  1  2  3 |
---------------+----------+-----
Axes           | 2 3 4 |  4.3
Fighting       | |  3.2
Armour         | |  3.2
Shields        | |  3.2

Action                   |  1- 3 |  4- 6 || total
-------------------------+-------+-------++-------
Melee: War axe           |   108 |    37 ||   145
Armor: Scale mail        |    38 |    14 ||    52
       Chain mail        |       |     3 ||     3
Dodge: Dodged            |    35 |    16 ||    51
Block: Kite shield       |    66 |    25 ||    91

Table legend: (Time is in decaauts)
 A = Elapsed time spent in this place.
 B = Non-inter-level travel time spent in this place.
 C = Inter-level travel time spent in this place.
 D = Time resting spent in this place.
 E = Time spent auto-exploring this place.
 F = Levels seen in this place.
 G = Mean time per level.
                   A        B        C        D        E       F      G
               +--------+--------+--------+--------+--------+-----+--------+
         Total |   1918 |   1909 |      9 |    292 |   1266 |   3 |  639.3 |
       Dungeon |   1918 |   1909 |      9 |    292 |   1266 |   3 |  639.3 |
               +--------+--------+--------+--------+--------+-----+--------+

Top non-repeatable levels by time:
     D:2: 1305 daAuts
     D:3: 318 daAuts
     D:1: 295 daAuts
